3R
HUDSONVILLE FLANDERSES @ BALLARD BEAVERS
09/02/2033
 
TOP OF THE 1ST
Hudsonville Flanderses batting - Pitching for Ballard Beavers : RHP Bert Hollingsworth
Pitching: RHP Bert Hollingsworth
Batting: SHB Kensaku Usui 0-0: Foul Ball, location: 2F
0-1: Fly out, F7 (Flyball, 7S)
Batting: LHB Roberts Hamhock 0-0: Swinging Strike
0-1: Swinging Strike
0-2: Ball
1-2: Foul Ball, location: 2F
1-2: Ball
2-2: Foul Ball, location: 2F
2-2: Fly out, F9 (Flyball, 9S)
Batting: LHB Sandro Goro 0-0: Ball
1-0: Fly out, F8 (Line Drive, 8RM)
Top of the 1st over - 0 runs, 0 hits, 0 errors, 0 left on base; Hudsonville 0 - Ballard 0
BOTTOM OF THE 1ST
Ballard Beavers batting - Pitching for Hudsonville Flanderses : RHP Cristián Álvarez
Pitching: RHP Cristián Álvarez
Batting: RHB Bob Smelcer 0-0: Ball
1-0: Ball
2-0: Called Strike
2-1: Swinging Strike
2-2: Ball
3-2: Foul Ball, location: 2F
3-2: Foul Ball, location: 2F
3-2: Foul Ball, location: 2F
3-2: Base on Balls
Batting: RHB Tony Hernández 0-0: DOUBLE (Line Drive, 7LM)
Bob Smelcer to third
Runner from 3rd tries for Home, SAFE, no throw
Batting: RHB Clarence Coffin 0-0: Ground out 4-3 (Groundball, 34)
Tony Hernández to third
Batting: RHB Cornelius Adkison 0-0: SINGLE (Groundball, 34D)
Tony Hernández scores
Batting: LHB Gabriel Montoya 0-0: Ball
Cornelius Adkison steals 2nd base
1-0: Called Strike
1-1: Swinging Strike
1-2: Ball
2-2: Ground out 4-3 (Groundball, 4)
Cornelius Adkison to third
Batting: SHB Alberto González 0-0: Swinging Strike
0-1: Fly out, F3 (Line Drive, 3)
Bottom of the 1st over - 2 runs, 2 hits, 0 errors, 1 left on base; Hudsonville 0 - Ballard 2
TOP OF THE 2ND
Hudsonville Flanderses batting - Pitching for Ballard Beavers : RHP Bert Hollingsworth
Batting: RHB Louie Kennard 0-0: Ground out 1-3 (Groundball, 15)
Batting: RHB Miguel Pacheco 0-0: Ball
1-0: Ball
2-0: Called Strike
2-1: Fly out, F8 (Flyball, 8LXD)
Batting: RHB Rex Mosley 0-0: Foul Ball, location: 2F
0-1: Ball
1-1: SINGLE (Line Drive, 8RS)
Batting: RHB Raúl Colomo 0-0: Swinging Strike
0-1: Ball
1-1: Ball
2-1: Ball
3-1: Called Strike
3-2: Foul Ball, location: 2F
3-2: Base on Balls
Rex Mosley to second
Batting: LHB Howard Porter 0-0: SINGLE (Line Drive, 7LS)
Rex Mosley to third
Raúl Colomo to second
Runner from 3rd tries for Home, SAFE, no throw
Batting: RHB Miguel Rey 0-0: Called Strike
0-1: Fielders Choice at 2nd, 6-4 (Groundball, 56)
Top of the 2nd over - 1 run, 2 hits, 0 errors, 2 left on base; Hudsonville 1 - Ballard 2
BOTTOM OF THE 2ND
Ballard Beavers batting - Pitching for Hudsonville Flanderses : RHP Cristián Álvarez
Batting: RHB Jim Herries 0-0: Foul Ball, location: 2F
0-1: Fly out, F3 (Popup, 3SF)
Batting: RHB Juan Jose Guerrero 0-0: Fly out, F8 (Flyball, 8RXD)
Batting: SHB Rafael Bregonzi 0-0: Ball
1-0: Ball
2-0: Ground out 4-3 (Groundball, 4M)
Bottom of the 2nd over - 0 runs, 0 hits, 0 errors, 0 left on base; Hudsonville 1 - Ballard 2
TOP OF THE 3RD
Hudsonville Flanderses batting - Pitching for Ballard Beavers : RHP Bert Hollingsworth
Batting: SHB Kensaku Usui 0-0: Ground out 6-3 (Groundball, 6MD)
Batting: LHB Roberts Hamhock 0-0: Foul Ball, location: 2F
0-1: Foul Ball, location: 2F
0-2: Fly out, F9 (Line Drive, 89M)
Batting: LHB Sandro Goro 0-0: Called Strike
0-1: Ground out U3 (Groundball, 3)
Top of the 3rd over - 0 runs, 0 hits, 0 errors, 0 left on base; Hudsonville 1 - Ballard 2
BOTTOM OF THE 3RD
Ballard Beavers batting - Pitching for Hudsonville Flanderses : RHP Cristián Álvarez
Batting: RHB Bob Smelcer 0-0: Called Strike
0-1: Ball
1-1: Swinging Strike
1-2: Ball
2-2: Ball
3-2: Foul Ball, location: 2F
3-2: Base on Balls
Batting: RHB Tony Hernández 0-0: Foul Ball, location: 2F
0-1: 2-RUN HOME RUN (Flyball, 89XD), Distance : 434 ft
Batting: RHB Clarence Coffin 0-0: Swinging Strike
0-1: Foul Ball, location: 2F
0-2: Ball
1-2: Fly out, F7 (Flyball, 7LS)
Batting: RHB Cornelius Adkison 0-0: Foul Ball, location: 2F
0-1: Foul Ball, location: 2F
0-2: Ball
1-2: DOUBLE (Line Drive, 78D)
Batting: LHB Gabriel Montoya 0-0: Foul Ball, location: 2F
0-1: Ball
1-1: Ball
2-1: Fly out, F8 (Flyball, 8RD)
Batting: SHB Alberto González 0-0: Ball
1-0: Ball
2-0: Foul Ball, location: 2F
2-1: Ground out 5-3 (Groundball, 56S)
Bottom of the 3rd over - 2 runs, 2 hits, 0 errors, 1 left on base; Hudsonville 1 - Ballard 4
TOP OF THE 4TH
Hudsonville Flanderses batting - Pitching for Ballard Beavers : RHP Bert Hollingsworth
Batting: RHB Louie Kennard 0-0: Ball
1-0: Foul Ball, location: 2F
1-1: Ball
2-1: Ball
3-1: Base on Balls
Batting: RHB Miguel Pacheco 0-0: Called Strike
Louie Kennard is caught stealing 2nd base
0-1: Ball
1-1: Swinging Strike
1-2: Ball
2-2: Strikes out swinging
Batting: RHB Rex Mosley 0-0: Ball
1-0: Ball
2-0: Ground out 6-3 (Groundball, 6)
Top of the 4th over - 0 runs, 0 hits, 0 errors, 0 left on base; Hudsonville 1 - Ballard 4
BOTTOM OF THE 4TH
Ballard Beavers batting - Pitching for Hudsonville Flanderses : RHP Cristián Álvarez
Batting: RHB Jim Herries 0-0: Ball
1-0: Called Strike
1-1: Foul Ball, location: 2F
1-2: Strikes out swinging
Batting: RHB Juan Jose Guerrero 0-0: Ball
1-0: DOUBLE (Groundball, 5L)
Batting: SHB Rafael Bregonzi 0-0: Ball
1-0: SINGLE (Line Drive, 8RS)
Juan Jose Guerrero to third
Batting: RHB Bob Smelcer 0-0: Called Strike
0-1: Ball
1-1: Swinging Strike
1-2: Strikes out looking
Batting: RHB Tony Hernández 0-0: Called Strike
0-1: Ball
1-1: Foul Ball, location: 2F
1-2: SINGLE (Line Drive, 34D)
Juan Jose Guerrero scores
Rafael Bregonzi to second
Batting: RHB Clarence Coffin 0-0: Called Strike
0-1: Fly out, F9 (Flyball, 9LMF)
Bottom of the 4th over - 1 run, 3 hits, 0 errors, 2 left on base; Hudsonville 1 - Ballard 5
TOP OF THE 5TH
Hudsonville Flanderses batting - Pitching for Ballard Beavers : RHP Bert Hollingsworth
Batting: RHB Raúl Colomo 0-0: Foul Ball, location: 2F
0-1: Called Strike
0-2: Foul Ball, location: 2F
0-2: Ball
1-2: Foul Ball, location: 2F
1-2: DOUBLE (Flyball, 8RD)
Batting: LHB Howard Porter 0-0: Ball
Wild Pitch!
Raúl Colomo to third
1-0: Ground out 4-3 (Groundball, 4)
Raúl Colomo scores
Batting: RHB Miguel Rey 0-0: Foul Ball, location: 2F
0-1: Fly out, F8 (Line Drive, 8LD)
Batting: SHB Kensaku Usui 0-0: Ball
1-0: Swinging Strike
1-1: Foul Ball, location: 2F
1-2: Ball
2-2: Ball
3-2: Strikes out swinging
Top of the 5th over - 1 run, 1 hit, 0 errors, 0 left on base; Hudsonville 2 - Ballard 5
BOTTOM OF THE 5TH
Ballard Beavers batting - Pitching for Hudsonville Flanderses : RHP Cristián Álvarez
Batting: RHB Cornelius Adkison 0-0: Ball
1-0: Fly out, F7 (Flyball, 78D)
Batting: LHB Gabriel Montoya 0-0: Swinging Strike
0-1: Fly out, F7 (Flyball, 7LS)
Batting: SHB Alberto González 0-0: Swinging Strike
0-1: Foul Ball, location: 2F
0-2: Ball
1-2: Strikes out looking
Bottom of the 5th over - 0 runs, 0 hits, 0 errors, 0 left on base; Hudsonville 2 - Ballard 5
TOP OF THE 6TH
Hudsonville Flanderses batting - Pitching for Ballard Beavers : RHP Bert Hollingsworth
Batting: LHB Roberts Hamhock 0-0: Ball
1-0: Ball
2-0: Called Strike
2-1: Foul Ball, location: 2F
2-2: Foul Ball, location: 2F
2-2: Strikes out swinging
Batting: LHB Sandro Goro 0-0: Ball
1-0: Ball
2-0: Fly out, F6 (Line Drive, 6)
Batting: RHB Louie Kennard 0-0: Called Strike
0-1: Ball
1-1: Ground out 6-3 (Groundball, 6)
Top of the 6th over - 0 runs, 0 hits, 0 errors, 0 left on base; Hudsonville 2 - Ballard 5
BOTTOM OF THE 6TH
Ballard Beavers batting - Pitching for Hudsonville Flanderses : RHP Cristián Álvarez
Batting: RHB Jim Herries 0-0: Ball
1-0: Foul Ball, location: 2F
1-1: DOUBLE (Line Drive, 78D)
Batting: RHB Juan Jose Guerrero 0-0: Intentional Walk
Pitching: RHP Leon Alfons
Batting: SHB Rafael Bregonzi 0-0: Reached on error, E4 (Groundball, 34D)
Jim Herries scores
Juan Jose Guerrero to third
Batting: RHB Bob Smelcer 0-0: Called Strike
0-1: Ball
1-1: Called Strike
1-2: Ball
2-2: Foul Ball, location: 2F
2-2: Ball
3-2: Base on Balls
Batting: RHB Tony Hernández 0-0: Called Strike
0-1: Swinging Strike
0-2: Ball
1-2: Ball
2-2: Foul Ball, location: 2F
2-2: Foul Ball, location: 2F
2-2: Ball
3-2: Strikes out swinging
Batting: RHB Clarence Coffin 0-0: SINGLE (Flyball, 9LS)
Juan Jose Guerrero scores
Rafael Bregonzi to third
Bob Smelcer to second
Runner from 3rd tries for Home, SAFE, no throw
Batting: RHB Cornelius Adkison 0-0: Called Strike
0-1: Ball
1-1: DOUBLE (Line Drive, 5D)
Bob Smelcer scores
Clarence Coffin to third
Batting: LHB Gabriel Montoya 0-0: Foul Ball, location: 2F
0-1: Called Strike
0-2: Ball
1-2: Ball
2-2: Foul Ball, location: 2F
2-2: Strikes out swinging
Batting: SHB Alberto González 0-0: Called Strike
0-1: Ball
1-1: Called Strike
1-2: Foul Ball, location: 2F
1-2: Ball
2-2: Ball
3-2: Ground out 4-3 (Groundball, 4M)
Bottom of the 6th over - 4 runs, 3 hits, 1 error, 2 left on base; Hudsonville 2 - Ballard 9
TOP OF THE 7TH
Hudsonville Flanderses batting - Pitching for Ballard Beavers : RHP Bert Hollingsworth
Batting: RHB Miguel Pacheco 0-0: Called Strike
0-1: Fly out, F7 (Line Drive, 78M)
Batting: RHB Rex Mosley 0-0: Fly out, F5 (Popup, 5SF)
Batting: RHB Raúl Colomo 0-0: Ball
1-0: SINGLE (Line Drive, 78S)
Batting: LHB Howard Porter 0-0: Called Strike
0-1: Ball
1-1: Ball
2-1: Swinging Strike
2-2: Ball
3-2: Ground out 4-3 (Groundball, 4)
Top of the 7th over - 0 runs, 1 hit, 0 errors, 1 left on base; Hudsonville 2 - Ballard 9
BOTTOM OF THE 7TH
Ballard Beavers batting - Pitching for Hudsonville Flanderses : RHP Leon Alfons
Batting: RHB Jim Herries 0-0: Called Strike
0-1: Ball
1-1: Ball
2-1: Foul Ball, location: 2F
2-2: Strikes out swinging
Batting: RHB Juan Jose Guerrero 0-0: Swinging Strike
0-1: Foul Ball, location: 2F
0-2: Strikes out swinging
Batting: SHB Rafael Bregonzi 0-0: Called Strike
0-1: Foul Ball, location: 2F
0-2: Ball
1-2: Foul Ball, location: 2F
1-2: Strikes out swinging
Bottom of the 7th over - 0 runs, 0 hits, 0 errors, 0 left on base; Hudsonville 2 - Ballard 9
TOP OF THE 8TH
Hudsonville Flanderses batting - Pitching for Ballard Beavers : RHP Bert Hollingsworth
Now at C: Reynaldo Torres
Batting: RHB Miguel Rey 0-0: Foul Ball, location: 2F
0-1: Ball
1-1: Called Strike
1-2: Strikes out swinging
Pitching: RHP Cedric Dunstone
Batting: SHB Kensaku Usui 0-0: Called Strike
0-1: Ball
1-1: Called Strike
1-2: Ball
2-2: Foul Ball, location: 2F
2-2: Ball
3-2: Foul Ball, location: 2F
3-2: Base on Balls
Batting: LHB Roberts Hamhock 0-0: Ground out 4-3 (Groundball, 34D)
Kensaku Usui to second
Batting: LHB Sandro Goro 0-0: Called Strike
0-1: SINGLE (Line Drive, 78S)
Kensaku Usui to third
Runner from 3rd tries for Home, SAFE, throw made home
Batting: RHB Louie Kennard 0-0: Swinging Strike
0-1: Ball
1-1: Swinging Strike
1-2: Strikes out looking
Top of the 8th over - 1 run, 1 hit, 0 errors, 1 left on base; Hudsonville 3 - Ballard 9
BOTTOM OF THE 8TH
Ballard Beavers batting - Pitching for Hudsonville Flanderses : RHP Leon Alfons
Batting: RHB Bob Smelcer 0-0: Ball
1-0: Called Strike
1-1: Foul Ball, location: 2F
1-2: Strikes out swinging
Batting: RHB Tony Hernández 0-0: Ball
1-0: Swinging Strike
1-1: Ball
2-1: Swinging Strike
2-2: Ball
3-2: SINGLE (Line Drive, 56)
Batting: RHB Clarence Coffin 0-0: Called Strike
0-1: Fly out, F8 (Flyball, 89D)
Batting: RHB Cornelius Adkison 0-0: Ball
1-0: Foul Ball, location: 2F
1-1: Foul Ball, location: 2F
1-2: Foul Ball, location: 2F
1-2: Strikes out swinging
Bottom of the 8th over - 0 runs, 1 hit, 0 errors, 1 left on base; Hudsonville 3 - Ballard 9
TOP OF THE 9TH
Hudsonville Flanderses batting - Pitching for Ballard Beavers : RHP Cedric Dunstone
Batting: RHB Miguel Pacheco 0-0: Called Strike
0-1: Ball
1-1: Hit by Pitch
Batting: RHB Rex Mosley 0-0: Called Strike
0-1: Grounds into double play, 5-4-3 (Groundball, 5)
Batting: RHB Raúl Colomo 0-0: Ball
1-0: Ball
2-0: Ground out U3 (Groundball, 3)
Top of the 9th over - 0 runs, 0 hits, 0 errors, 0 left on base; Hudsonville 3 - Ballard 9
Saturday, December 22nd, 2018 - OOTP Baseball 18.8 Build 76